[Event "Team 45 45 League T42"]
[Site "Internet Chess Club"]
[Date "2009.08.21"]
[Round "4"]
[White "TigerLilly"]
[Black "Zohan"]
[Result "1-0"]
[WhiteElo "1520"]
[BlackElo "1390"]
[Opening "Sicilian: Grand Prix attack"]
[ECO "B23"]
[Time "17:30:06"]
[TimeControl "2700+45"]

1. e4 c5 2. Nc3 Nc6 3. f4 e5 4. d3 exf4 5. Bxf4 Nf6 6. Nf3 Be7 7. Be2 O-O 8. O-O
Qb6 9. e5 Ne8 10. b3 c4+ 11. d4 cxb3 12. axb3 Nc7 13. Bc4 Ne6 14. Be3 Nc7 15.
Na4 Qb4 16. Bd2 Qxd2 17. Qxd2 Bb4 18. c3 Be7 19. Nc5 d6 20. exd6 Bxd6 21. Ne4
Ne8 22. Nfg5 Be6 23. Nxe6 fxe6 24. Bxe6+ Kh8 25. Nxd6 Nxd6 26. d5 Na5 27. Rxa5
Rxf1+ 28. Kxf1 Rf8+ 29. Ke1 Ne4 30. Qd4 Ng5 31. Rxa7 Rd8 32. Rxb7 Nxe6 33. dxe6
Rg8 34. Rxg7 Rxg7 35. e7 Kg8 36. e8=Q# {Black checkmated} 1-0

[Event "Team 45 45 League T42"]
[Site "Internet Chess Club"]
[Date "2009.08.23"]
[Round "4"]
[White "stputte"]
[Black "optional"]
[Result "0-1"]
[WhiteElo "1443"]
[BlackElo "1576"]
[Opening "KGD: Falkbeer, Charousek gambit"]
[ECO "C32"]
[Time "09:30:06"]
[TimeControl "2700+45"]

1. e4 e5 2. f4 d5 3. exd5 e4 4. d3 Nf6 5. dxe4 Nxe4 6. Qe2 Bf5 7. Qb5+ Nd7 8.
Qxb7 Rb8 9. Qxa7 Qh4+ 10. g3 Nxg3 11. Nf3 Qe7+ 12. Qe3 Qxe3+ 13. Bxe3 Nxh1 14.
Bg2 Bb4+ 15. c3 Bxb1 16. Rxb1 Bxc3+ 17. Ke2 Rxb2+ 18. Rxb2 Bxb2 19. Bxh1 Ke7 20.
Nd4 Re8 21. Kd3 Kf6 22. Bd2 Nc5+ 23. Kc4 Ne4 24. Ba5 Ra8 25. Bxc7 Ra4+ 26. Kb5
Rxd4 27. Be5+ Kf5 28. Bxd4 Bxd4 29. Bxe4+ Kxe4 30. d6 Kd5 31. a4 Kxd6 32. a5 f5
33. h4 Kd5 34. a6 Ke4 35. Kc6 Kxf4 36. Kd5 Bg1 37. Ke6 Kg4 38. h5 f4 39. Kf7
Kxh5 40. Kxg7 f3 41. Kxh7 Bb6 {White resigns} 0-1

[Event "Team 45 45 League T42"]
[Site "Internet Chess Club"]
[Date "2009.08.26"]
[Round "4"]
[White "HangingPawn"]
[Black "slipkid"]
[Result "0-1"]
[WhiteElo "1326"]
[BlackElo "1538"]
[Opening "Pirc defense"]
[ECO "B07"]
[Time "16:00:39"]
[TimeControl "2700+45"]

1. e4 d6 2. d4 Nf6 3. Nc3 g6 4. f3 c6 5. Be3 b5 6. a3 Nbd7 7. Qd2 Nb6 8. Bd3 Be6
9. Nge2 Bc4 10. O-O Bxd3 11. cxd3 Bg7 12. Bh6 Bxh6 13. Qxh6 a5 14. Qd2 Nbd7 15.
Nd1 Qb6 16. Ne3 e5 17. dxe5 dxe5 18. d4 exd4 19. Qxd4 c5 20. Qc3 O-O 21. Nf4
Rfe8 22. Nfd5 Nxd5 23. Nxd5 Qa7 24. Kh1 Re6 25. Rfe1 c4 26. Rad1 Qc5 27. Qe3 Qc6
28. Qd2 Ne5 29. Re3 Nd3 30. b3 Qc5 31. bxc4 bxc4 32. Qc3 Nf2+ {White resigns}
0-1

[Event "Team 45 45 League T42"]
[Site "Internet Chess Club"]
[Date "2009.08.25"]
[Round "4"]
[White "JimGaming"]
[Black "Kevericz12"]
[Result "1-0"]
[WhiteElo "1274"]
[BlackElo "834"]
[Opening "Bird's opening"]
[ECO "A02"]
[Time "21:04:09"]
[TimeControl "2700+45"]

1. f4 c5 2. e3 d5 3. Bb5+ Bd7 4. Bxd7+ Nxd7 5. Qh5 Ngf6 6. Qe2 e5 7. d3 g6 8.
Nh3 Bg7 9. O-O O-O 10. f5 Re8 11. fxg6 hxg6 12. e4 d4 13. Bg5 Qb6 14. c3 Rac8
15. Na3 Qc6 16. Nc4 b5 17. Na5 Qa6 18. Nb3 Qb6 19. Qd2 Kh7 20. Qf2 c4 21. dxc4
bxc4 22. Nd2 Re6 23. Qh4+ Nh5 24. Rxf7 Nc5 25. Bf6 Rxf6 26. Rxf6 Bxf6 27. Ng5+
Kg7 28. Rb1 dxc3 29. bxc3 Qa5 30. Qh3 Re8 31. Qe3 Bxg5 32. Qxg5 Qxa2 33. Rd1 Qc2
34. Ra1 Qxc3 35. Rxa7+ Kf8 36. Qh6+ Ng7 37. Qxg7# {Black checkmated} 1-0

[Event "Team 45 45 League T42"]
[Site "Internet Chess Club"]
[Date "2009.08.25"]
[Round "4"]
[White "TerryMalloy"]
[Black "trucazzo"]
[Result "1/2-1/2"]
[WhiteElo "1985"]
[BlackElo "2078"]
[Opening "Catalan: closed, 5.Nf3"]
[ECO "E06"]
[Time "16:18:14"]
[TimeControl "2700+45"]

1. d4 Nf6 2. c4 e6 3. g3 d5 4. Bg2 Be7 5. Nf3 O-O 6. O-O dxc4 7. Qc2 a6 8. Qxc4
b5 9. Qc2 Bb7 10. Bd2 Be4 11. Qc1 Nbd7 12. Ba5 Rc8 13. Nc3 Bb7 14. a4 b4 15. Na2
Qe8 16. Bxb4 c5 17. dxc5 Nxc5 18. Bxc5 Bxc5 19. Nc3 Qe7 20. Qf4 h6 21. Rfd1 g5
22. Qc1 Ng4 23. e3 Qf6 24. h3 Bxf3 25. hxg4 Bxd1 26. Ne4 Qe5 27. Qxd1 Rfd8 28.
Qe2 Bf8 29. Qxa6 Qxb2 30. Rf1 Kg7 31. a5 Ra8 32. Qb6 Rdb8 33. Qxb2+ Rxb2 34. Ra1
Bb4 35. a6 Ra7 36. Bh3 Kg6 37. f4 f5 38. gxf5+ exf5 39. Nf2 Bc5 40. Kf1 Bxe3 41.
Nd1 Rb3 42. Nxe3 Rxe3 43. Kf2 gxf4 44. Ra5 Rxg3 45. Bxf5+ Kf6 46. Bc8 Rc7 47.
Bb7 Rc2+ 48. Kf1 Rb3 49. Ra1 Rxb7 50. axb7 Rb2 51. Ra8 Rxb7 52. Kf2 Rb3 53. Rf8+
Kg5 54. Rg8+ Kh4 55. Rf8 Kg4 56. Rg8+ Kh3 57. Rh8 h5 58. Rxh5+ Kg4 59. Rh8 Rb2+
60. Kf1 Kg3 61. Rg8+ Kf3 62. Kg1 Rb1+ 63. Kh2 Kf2 64. Rg2+ Ke3 65. Ra2 Re1 66.
Ra3+ Kf2 67. Ra4 f3 68. Ra2+ Re2 69. Ra1 Rd2 70. Rb1 Ke2 71. Kg3 Rd3 72. Rb2+
Ke3 73. Ra2 Rc3 74. Rb2 Ra3 75. Rc2 Kd3 76. Rf2 Ke4 77. Rb2 Rd3 78. Rb4+ Ke3 79.
Rb2 Ra3 80. Rc2 Ra8 81. Rc3+ Ke2 82. Rc2+ Ke3 83. Rc3+ Ke4 84. Rxf3 {Game drawn
by mutual agreement} 1/2-1/2

[Event "Team 45 45 League T42"]
[Site "Internet Chess Club"]
[Date "2009.08.23"]
[Round "4"]
[White "katesolu"]
[Black "wbanks"]
[Result "1-0"]
[WhiteElo "1766"]
[BlackElo "1640"]
[Opening "Ruy Lopez: Möller defense"]
[ECO "C78"]
[Time "09:08:50"]
[TimeControl "2700+45"]

1. e4 e5 2. Nf3 Nc6 3. Bb5 a6 4. Ba4 Nf6 5. O-O Bc5 6. c3 b5 7. Bc2 d6 8. d4 Bb6
9. h3 h6 10. a4 Bb7 11. Re1 O-O 12. Na3 Qe7 13. d5 Nb8 14. Be3 bxa4 15. Nc4 Bxe3
16. Nxe3 Nbd7 17. Nf5 Qd8 18. Rxa4 Nc5 19. Ra3 Bc8 20. Ng3 Bd7 21. b4 Nb7 22. c4
a5 23. c5 dxc5 24. bxc5 Nxc5 25. Nxe5 Qe7 26. Qa1 Rfe8 27. f4 a4 28. Qc3 Rec8
29. Nxd7 Ncxd7 30. Nf5 Qd8 31. Qg3 Qf8 32. Nxh6+ Kh7 33. e5+ Kxh6 34. Qg5#
{Black checkmated} 1-0

[Event "Team 45 45 League T42"]
[Site "Internet Chess Club"]
[Date "2009.08.21"]
[Round "4"]
[White "hondocando"]
[Black "Sapienza"]
[Result "1-0"]
[WhiteElo "1641"]
[BlackElo "1620"]
[Opening "Vienna: Paulsen-Mieses variation"]
[ECO "C26"]
[Time "21:59:35"]
[TimeControl "2700+45"]

1. e4 e5 2. Nc3 Nf6 3. g3 Bc5 4. Bg2 Nc6 5. d3 d6 6. Be3 Bg4 7. Qd2 Bxe3 8. fxe3
Qd7 9. h3 Be6 10. Nf3 h6 11. O-O-O O-O 12. d4 exd4 13. exd4 Bc4 14. d5 Ne7 15.
Qd4 Ba6 16. g4 b5 17. e5 Ne8 18. g5 hxg5 19. Nxg5 Qf5 20. Nf3 dxe5 21. Nxe5 b4
22. Ne4 Rd8 23. Kb1 Rxd5 24. Nc6 Rd7 25. Qxd7 Qxd7 26. Rxd7 Nxc6 27. Nc5 Nb8 28.
Rd8 Nd6 29. Rxb8 Rxb8 30. Nxa6 Rc8 31. Nxb4 {Black resigns} 1-0

[Event "Team 45 45 League T42"]
[Site "Internet Chess Club"]
[Date "2009.08.20"]
[Round "4"]
[White "isolani"]
[Black "crag"]
[Result "0-1"]
[WhiteElo "1496"]
[BlackElo "1749"]
[Opening "French: Rubinstein variation"]
[ECO "C03"]
[Time "20:00:15"]
[TimeControl "2700+45"]

1. e4 e6 2. d4 d5 3. Nd2 dxe4 4. Nxe4 Nd7 5. Nf3 Ngf6 6. Nxf6+ Nxf6 7. Bd3 c5 8.
c3 cxd4 9. Bb5+ Bd7 10. Bxd7+ Qxd7 11. Qxd4 Qxd4 12. Nxd4 Bc5 13. O-O Bxd4 14.
cxd4 Ke7 15. Bg5 Rhd8 16. Rad1 Rac8 17. Rfe1 Rc2 18. d5 Rxb2 19. Rb1 Rxb1 20.
Rxb1 Rxd5 21. Bxf6+ Kxf6 22. Kf1 b6 {White resigns} 0-1

[Event "Team 45 45 League T42"]
[Site "Internet Chess Club"]
[Date "2009.08.22"]
[Round "4"]
[White "upsan"]
[Black "tsia68"]
[Result "0-1"]
[WhiteElo "1854"]
[BlackElo "1944"]
[Opening "Pirc defense"]
[ECO "B07"]
[Time "09:03:56"]
[TimeControl "2700+45"]

1. e4 d6 2. d4 Nf6 3. Bd3 e5 4. c3 d5 5. dxe5 Nxe4 6. Nf3 Nc6 7. Nbd2 Nc5 8. Bb5
Bd7 9. Qe2 Ne6 10. Nb3 a6 11. Bxc6 bxc6 12. O-O c5 13. Re1 Be7 14. Be3 O-O 15.
Qd2 c6 16. Rad1 Qc7 17. Bg5 f6 18. exf6 Bxf6 19. Bxf6 Rxf6 20. Ne5 Raf8 21. f3
Qd6 22. Nxd7 Qxd7 23. Qe2 Nf4 24. Qxa6 c4 25. Nd4 c5 26. Qb5 Qc7 27. Ne2 Nd3 28.
Rf1 Rb8 29. Qa4 Nxb2 30. Qa3 Nxd1 31. Rxd1 Qe5 32. Ng3 Qe3+ 33. Kf1 Rfb6 34. Qa7
R6b7 {White resigns} 0-1

[Event "Team 45 45 League T42"]
[Site "Internet Chess Club"]
[Date "2009.08.19"]
[Round "4"]
[White "room-matt"]
[Black "qs16"]
[Result "1-0"]
[WhiteElo "1758"]
[BlackElo "1686"]
[Opening "Sicilian: Najdorf"]
[ECO "B90"]
[Time "13:00:15"]
[TimeControl "2700+45"]

1. e4 c5 2. Nf3 d6 3. d4 cxd4 4. Nxd4 Nf6 5. Nc3 a6 6. a4 e5 7. Nf3 Be7 8. Bc4
O-O 9. O-O Nc6 10. Be3 Bg4 11. h3 Bh5 12. g4 Bg6 13. Nh4 Bxe4 14. g5 d5 15. gxf6
Bxf6 16. Nxe4 Bxh4 17. Qxd5 Qc8 18. Nd6 Qxh3 19. Nxf7 Rxf7 20. Qxf7+ Kh8 21. Be6
Bxf2+ 22. Bxf2 Qh6 23. Rad1 Qg5+ 24. Kh1 Nd4 25. Bxd4 Qh4+ 26. Kg2 Qg5+ 27. Kh3
h5 28. Qf5 {Black resigns} 1-0

[Event "Team 45 45 League T42"]
[Site "Internet Chess Club"]
[Date "2009.08.22"]
[Round "4"]
[White "oldsj"]
[Black "VietLion"]
[Result "0-1"]
[WhiteElo "1645"]
[BlackElo "1905"]
[Opening "Sicilian: Scheveningen variation"]
[ECO "B80"]
[Time "09:04:04"]
[TimeControl "2700+45"]

1. e4 c5 2. Nf3 d6 3. d4 cxd4 4. Nxd4 Nf6 5. Nc3 e6 6. Bg5 Be7 7. Bc4 Nxe4 8.
Bxe7 Nxc3 9. Bxd8 Nxd1 10. Rxd1 Kxd8 11. O-O d5 12. Rfe1 Nc6 13. Nb5 a6 14. Bxd5
exd5 15. Rxd5+ Bd7 16. Nd6 Kc7 17. Nxf7 Rhf8 18. Nd6 Rf6 19. Red1 Be6 20. R5d2
Raf8 21. Ne4 Rg6 22. Nc5 Bc8 23. Ne4 Bg4 24. Re1 Bf3 25. g3 Re8 26. Kf1 Rxe4
{White resigns} 0-1

[Event "Team 45 45 League T42"]
[Site "Internet Chess Club"]
[Date "2009.08.23"]
[Round "4"]
[White "Konstantinos"]
[Black "rom1"]
[Result "1-0"]
[WhiteElo "1704"]
[BlackElo "1588"]
[Opening "Grünfeld: 5.e3"]
[ECO "D94"]
[Time "15:00:44"]
[TimeControl "2700+45"]

1. d4 Nf6 2. c4 g6 3. Nf3 Bg7 4. e3 d5 5. Nc3 O-O 6. Be2 c5 7. dxc5 dxc4 8. Qxd8
Rxd8 9. Bxc4 Nc6 10. O-O Bg4 11. Be2 a6 12. h3 Bf5 13. g4 Bd3 14. Bxd3 Rxd3 15.
Rd1 Rad8 16. Rxd3 Rxd3 17. Ne1 Rd8 18. Kf1 Nd5 19. Na4 Nf6 20. Ke2 Ne4 21. Rb1
a5 22. a3 Rd5 23. b4 axb4 24. axb4 Nc3+ 25. Nxc3 Bxc3 26. Nd3 Kf8 27. Rb3 Bf6
28. Bb2 Bxb2 29. Nxb2 Ne5 30. Nd3 Nc4 31. Rc3 Ne5 32. Nxe5 Rxe5 33. Rd3 Ke8 34.
f4 Re4 35. Rd4 f5 36. Rxe4 fxe4 37. g5 Kd7 38. Kd2 Ke6 39. Kc3 Kd5 40. Kb3 e5
41. fxe5 Kxe5 42. Kc4 Kf5 43. Kb5 {Black resigns} 1-0

[Event "Team 45 45 League T42"]
[Site "Internet Chess Club"]
[Date "2009.08.19"]
[Round "4"]
[White "nardz"]
[Black "Hubris123"]
[Result "1-0"]
[WhiteElo "2035"]
[BlackElo "2008"]
[Opening "Trompowsky attack (Ruth, Opocenský opening)"]
[ECO "A45"]
[Time "19:00:05"]
[TimeControl "2700+45"]

1. d4 Nf6 2. Bg5 Ne4 3. Bf4 c5 4. f3 Qa5+ 5. c3 Nf6 6. d5 e6 7. e4 exd5 8. exd5
d6 9. Na3 Be7 10. Bd3 O-O 11. Ne2 Nbd7 12. O-O Qc7 13. Nb5 Qb6 14. c4 a6 15.
Nbc3 Qxb2 16. Na4 Qa3 17. Bc1 Qb4 18. Bd2 Qa3 19. Nec3 Ne5 20. Rb1 Nxd3 21. Rb3
Qxb3 22. axb3 Bf5 23. g4 Bg6 24. f4 h6 25. Qe2 {Black resigns} 1-0

[Event "Team 45 45 League T42"]
[Site "Internet Chess Club"]
[Date "2009.08.22"]
[Round "4"]
[White "Merciful"]
[Black "QueensCounselor"]
[Result "0-1"]
[WhiteElo "1894"]
[BlackElo "2064"]
[Opening "Sicilian, Chekhover variation"]
[ECO "B53"]
[Time "15:00:17"]
[TimeControl "2700+45"]

1. e4 c5 2. Nf3 d6 3. d4 cxd4 4. Qxd4 Nc6 5. Bb5 Bd7 6. Bxc6 Bxc6 7. Nc3 Nf6 8.
Bg5 e6 9. O-O-O Be7 10. Rhe1 O-O 11. Kb1 a6 12. Qd2 Rc8 13. Nd4 b5 14. f3 b4 15.
Nxc6 Rxc6 16. Bxf6 Bxf6 17. Ne2 Qb6 18. Ng3 Bc3 19. Qg5 Bxe1 20. Rxe1 Qf2 21.
Rc1 Qxg2 22. Qe3 Qxh2 23. Ne2 Rfc8 24. Nd4 Rc4 25. Rg1 Rxd4 26. c3 bxc3 27.
Rxg7+ Kxg7 28. Qxd4+ Kg8 {White resigns} 0-1

[Event "Team 45 45 League T42"]
[Site "Internet Chess Club"]
[Date "2009.08.23"]
[Round "4"]
[White "livis"]
[Black "upsan"]
[Result "1-0"]
[WhiteElo "1986"]
[BlackElo "1843"]
[Opening "French defense"]
[ECO "C00"]
[Time "14:30:17"]
[TimeControl "2700+45"]

1. e4 e6 2. Nf3 d5 3. e5 c5 4. d3 Nc6 5. c3 Qc7 6. Bf4 Nge7 7. Bg3 Ng6 8. d4
cxd4 9. cxd4 Bd7 10. a3 Qb6 11. b4 Rc8 12. Be2 a5 13. b5 Na7 14. a4 Bb4+ 15.
Nbd2 O-O 16. O-O Qd8 17. Nb3 b6 18. h4 f6 19. h5 Nh8 20. exf6 Qxf6 21. Ne5 Qd8
22. Rc1 Nf7 23. Qd3 Nxe5 24. Bxe5 Qe7 25. h6 g6 26. Qg3 Rf5 27. Bg4 Rxe5 28.
dxe5 Bc5 29. Kh1 Rf8 30. Rc3 Nxb5 31. axb5 Bxb5 32. Nxc5 bxc5 33. Rb1 Bd7 34.
Rb7 c4 35. Qh3 {Black resigns} 1-0

[Event "Team 45 45 League T42"]
[Site "Internet Chess Club"]
[Date "2009.08.23"]
[Round "4"]
[White "badmove"]
[Black "rubo"]
[Result "0-1"]
[WhiteElo "1553"]
[BlackElo "1694"]
[Opening "Caro-Kann: classical variation"]
[ECO "B18"]
[Time "16:01:10"]
[TimeControl "2700+45"]

1. e4 c6 2. d4 d5 3. Nc3 dxe4 4. Nxe4 Bf5 5. Ng3 Bg6 6. Bc4 Nd7 7. N1e2 Ngf6 8.
f4 e6 9. O-O Bd6 10. f5 exf5 11. Nxf5 Bxf5 12. Rxf5 Nb6 13. Bb3 Qd7 14. Qd3
O-O-O 15. Bg5 Be7 16. Bxf7 Rhf8 17. Bb3 h6 18. Re5 Nbd5 19. Bxd5 cxd5 20. Qc3+
Kb8 21. Bf4 Bd6 22. Re3 Bxf4 23. Nxf4 Ne4 24. Rxe4 dxe4 25. Qg3 Qxd4+ 26. Kf1 e3
27. Re1 Qxf4+ 28. Qxf4+ Rxf4+ 29. Ke2 Rf2+ 30. Kxe3 Rxc2 {White resigns} 0-1

[Event "Team 45 45 League T42"]
[Site "Internet Chess Club"]
[Date "2009.08.19"]
[Round "4"]
[White "chiiwen"]
[Black "Folgers"]
[Result "1/2-1/2"]
[WhiteElo "2096"]
[BlackElo "2018"]
[Opening "KP: Nimzovich defense"]
[ECO "B00"]
[Time "23:00:49"]
[TimeControl "2700+45"]

1. e4 Nc6 2. Nf3 d6 3. d4 Nf6 4. Nc3 Bg4 5. Bb5 a6 6. Bxc6+ bxc6 7. h3 Bh5 8.
Qd3 e6 9. Bg5 Be7 10. O-O-O d5 11. Bxf6 Bxf6 12. g4 Bg6 13. Qe3 Be7 14. Ne5 Qd6
15. h4 f6 16. Nxg6 hxg6 17. f4 O-O-O 18. a3 Qd7 19. Qe2 Kb7 20. exd5 exd5 21.
Qf3 Bd6 22. Na4 Rde8 23. Nc3 Re7 24. Kb1 Rhe8 25. Rd3 Re4 26. Nxe4 Rxe4 27. Rg1
Rxf4 28. Qh3 Re4 29. h5 g5 30. c3 Qe6 31. Rdd1 Kc8 32. Qf1 Rxg4 33. Qxa6+ Kd7
34. Qd3 Qe4 35. Rxg4 Qxg4 36. Re1 Kc8 37. Qa6+ Kd7 38. Qd3 Kc8 39. Re8+ Kd7 40.
Qg6 c5 41. dxc5 Bxc5 42. Qf7+ Kc6 43. Rd8 Qe4+ 44. Ka1 Bd6 45. Qxg7 Qh1+ 46. Ka2
Qxh5 47. Qd7+ Kc5 48. Qa4 Qe2 49. Qa7+ Kc6 50. Qa8+ Kc5 51. Qa5+ Kc6 52. Qa8+
Kc5 53. Qa5+ Kc6 54. Qa4+ Kc5 55. Qd4+ Kc6 56. Qa4+ Kc5 {Game drawn by
repetition} 1/2-1/2

[Event "Team 45 45 League T42"]
[Site "Internet Chess Club"]
[Date "2009.08.22"]
[Round "4"]
[White "Guoruey"]
[Black "martineden"]
[Result "1-0"]
[WhiteElo "2041"]
[BlackElo "1968"]
[Opening "Robatsch (modern) defense"]
[ECO "B06"]
[Time "12:46:58"]
[TimeControl "2700+45"]

1. e4 g6 2. d4 Bg7 3. Nf3 d6 4. Be3 a6 5. Be2 Nf6 6. Nc3 b5 7. a3 Nbd7 8. O-O
Bb7 9. e5 Nd5 10. e6 fxe6 11. Ng5 Nxc3 12. bxc3 Nf8 13. Bf3 Qc8 14. Bxb7 Qxb7
15. Qg4 Qd5 16. a4 c6 17. c4 bxc4 18. Rab1 h6 19. Nh3 Qf5 20. Qe2 d5 21. Rb6 e5
22. dxe5 Nd7 23. Rxc6 Nxe5 24. Rc7 Rd8 25. Bc5 Rd7 26. Rxd7 Kxd7 27. Rb1 Rc8 28.
Rb7+ Rc7 29. Rxc7+ Kxc7 30. Bxe7 g5 31. f3 Nc6 32. Bc5 Qe5 33. Qxe5+ Bxe5 34.
Nf2 Bd4 35. Bf8 h5 36. Bh6 Kb6 37. Bxg5 Ka5 38. f4 Kxa4 39. g4 hxg4 40. Kg2 Bxf2
41. Kxf2 Kb4 42. Kg3 a5 43. Kxg4 a4 44. f5 a3 45. Bc1 a2 46. Bb2 d4 47. f6 d3
48. f7 c3 49. f8=Q+ Kc4 50. cxd3+ {Black resigns} 1-0

[Event "Team 45 45 League T42"]
[Site "Internet Chess Club"]
[Date "2009.08.21"]
[Round "4"]
[White "jeffc0667"]
[Black "mickeys"]
[Result "1/2-1/2"]
[WhiteElo "1972"]
[BlackElo "1893"]
[Opening "French: Tarrasch, closed variation"]
[ECO "C05"]
[Time "21:00:08"]
[TimeControl "2700+45"]

1. e4 e6 2. d4 d5 3. Nd2 Nf6 4. e5 Nfd7 5. f4 f5 6. Ngf3 c5 7. c3 Be7 8. Be2 Nc6
9. O-O Qb6 10. Qb3 cxd4 11. Qxb6 Nxb6 12. cxd4 Bd7 13. b3 Nb4 14. Ne1 Nc6 15.
Ndf3 h6 16. Nc2 Rc8 17. Bd3 Rg8 18. h4 Na8 19. Bd2 a6 20. a4 Nb6 21. a5 Na8 22.
b4 Nc7 23. Rab1 Na7 24. Na3 Ncb5 25. Nxb5 Bxb5 26. Bxb5+ Nxb5 27. Rbc1 Kd7 28.
Kf2 Na3 29. Ke2 Rxc1 30. Rxc1 Rc8 31. Rxc8 Kxc8 32. Kd3 Nb5 33. h5 Kd7 34. Be1
Na7 35. Kc3 Nc6 36. Kb3 Ke8 37. Ka4 Na7 38. Nd2 Nc6 39. Nb3 Na7 40. g3 Nb5 41.
Bd2 Kd7 42. Be1 {Game drawn by mutual agreement} 1/2-1/2

[Event "Team 45 45 League T42"]
[Site "Internet Chess Club"]
[Date "2009.08.24"]
[Round "4"]
[White "MeanMrMustard"]
[Black "chess9793"]
[Result "1/2-1/2"]
[WhiteElo "1912"]
[BlackElo "1887"]
[Opening "Sicilian: accelerated fianchetto, Maróczy bind"]
[ECO "B36"]
[Time "20:00:20"]
[TimeControl "2700+45"]

1. e4 c5 2. Nf3 g6 3. d4 cxd4 4. Nxd4 Nc6 5. c4 Nf6 6. Nc3 d6 7. Be2 Nxd4 8.
Qxd4 Bg7 9. Be3 O-O 10. Qd2 Be6 11. Rc1 Qa5 12. O-O Rfc8 13. b3 a6 14. Bf3 Bg4
15. Bxg4 Nxg4 16. Nd5 Qd8 17. Nb6 Nxe3 18. Qxe3 Bh6 19. f4 e5 20. Rcd1 Bxf4 21.
Qf2 Qe7 22. Nxa8 Rxa8 23. Qb6 {Game drawn by mutual agreement} 1/2-1/2

[Event "Team 45 45 League T42"]
[Site "Internet Chess Club"]
[Date "2009.08.21"]
[Round "4"]
[White "CheeryCherry"]
[Black "Zyme"]
[Result "1-0"]
[WhiteElo "1490"]
[BlackElo "1406"]
[Opening "French: exchange variation"]
[ECO "C01"]
[Time "19:00:51"]
[TimeControl "2700+45"]

1. e4 e6 2. d4 d5 3. exd5 exd5 4. c4 Bb4+ 5. Nc3 Ne7 6. Bd3 Nbc6 7. Ne2 Bg4 8.
f3 Bf5 9. O-O Bxd3 10. Qxd3 dxc4 11. Qxc4 O-O 12. d5 Bxc3 13. Nxc3 Ne5 14. Qd4
N5g6 15. Re1 Qd6 16. Bg5 Rfe8 17. Red1 a6 18. Rd3 Rad8 19. Rad1 h6 20. Ne4 Qe5
21. Bxe7 Qxd4+ 22. Rxd4 Rxe7 23. Kf2 Red7 24. Nc5 Re7 25. Nxb7 Rb8 26. Rb4 Re5
27. d6 cxd6 28. Rxd6 Rb5 29. Rxb5 axb5 30. Rd8+ Rxd8 31. Nxd8 Ne5 32. b3 Kf8 33.
Ke3 Ke7 34. Kd4 f6 35. Nb7 Kd7 36. Kc5 Kc7 37. Na5 b4 38. Kxb4 Kb6 39. Nc4+ Nxc4
40. Kxc4 Ka5 41. b4+ Ka4 42. b5 Ka5 43. Kc5 Ka4 44. b6 {Black resigns} 1-0

[Event "Team 45 45 League T42"]
[Site "Internet Chess Club"]
[Date "2009.08.23"]
[Round "4"]
[White "AlPearson"]
[Black "nobull"]
[Result "0-1"]
[WhiteElo "1378"]
[BlackElo "1535"]
[Opening "English, 1...Nf6 (Anglo-Indian defense)"]
[ECO "A15"]
[Time "10:09:35"]
[TimeControl "2700+45"]

1. c4 Nf6 2. g3 e5 3. Bg2 d5 4. cxd5 Nxd5 5. Nc3 Nb6 6. Nf3 Nc6 7. O-O Be7 8. b3
O-O 9. d3 Re8 10. Be3 Bf8 11. Qc2 a6 12. Rfd1 Nd4 13. Qb2 Nxf3+ 14. Bxf3 c6 15.
d4 exd4 16. Rxd4 Qc7 17. Rad1 Be6 18. Ne4 Rad8 19. Qd2 Rxd4 20. Qxd4 Nd5 21. Ng5
Nxe3 22. Qe4 Bf5 23. Qd4 Nxd1 24. Qxd1 h6 25. Ne4 Bxe4 26. Bxe4 Rxe4 {White
resigns} 0-1

[Event "Team 45 45 League T42"]
[Site "Internet Chess Club"]
[Date "2009.08.24"]
[Round "4"]
[White "SeniorCitizen"]
[Black "AtomicDog"]
[Result "0-1"]
[WhiteElo "1307"]
[BlackElo "1408"]
[Opening "Sicilian: Scheveningen (Paulsen), classical variation"]
[ECO "B84"]
[Time "08:57:48"]
[TimeControl "2700+45"]

1. e4 c5 2. Nf3 d6 3. d4 cxd4 4. Nxd4 Nf6 5. Nc3 a6 6. Be2 e6 7. O-O Be7 8. Be3
b5 9. Qc1 O-O 10. a3 Bb7 11. Bd3 Nbd7 12. f4 Rc8 13. b4 Rxc3 14. Bd2 Rc8 15. Qe1
Qc7 16. Nb3 Rfe8 17. Na5 Ba8 18. Rc1 d5 19. e5 Ne4 20. Bxe4 dxe4 21. Qg3 f6 22.
exf6 Nxf6 23. c4 Qd7 24. Bc3 Qd3 25. Qxd3 exd3 26. Bd2 Ne4 27. Rfd1 bxc4 28.
Rxc4 Rxc4 29. Nxc4 Nxd2 30. Nxd2 Bd5 31. Kf2 g5 32. g3 gxf4 33. gxf4 Bh4+ 34.
Ke3 Rd8 35. Rg1+ Kh8 36. Rc1 Bg2 37. Rc6 Bxc6 {White resigns} 0-1

[Event "Team 45 45 League T42"]
[Site "Internet Chess Club"]
[Date "2009.08.22"]
[Round "4"]
[White "Rubacchus"]
[Black "radiohead"]
[Result "0-1"]
[WhiteElo "1284"]
[BlackElo "1396"]
[Opening "Sicilian defense"]
[ECO "B20"]
[Time "08:57:21"]
[TimeControl "2700+45"]

1. e4 c5 2. Bc4 Nc6 3. Nf3 d6 4. h3 h6 5. O-O Nf6 6. Nc3 e6 7. d4 cxd4 8. Nxd4
Nxd4 9. Qxd4 Be7 10. Be3 a6 11. a4 O-O 12. a5 Qc7 13. Bb3 Bd7 14. f4 Bc6 15. Rf2
Rad8 16. Qb6 Qxb6 17. Bxb6 Rc8 18. Re1 Bd8 19. e5 Bxb6 20. axb6 dxe5 21. fxe5
Nd7 22. Na4 Bxa4 23. Bxa4 Nxb6 24. b3 Nxa4 25. bxa4 Rc4 26. Rb1 Rxa4 27. Rxb7
Rc8 28. Rfxf7 Rh4 29. Rxg7+ Kf8 30. Rbf7+ Ke8 31. Re7+ Kd8 32. Rxe6 Rd4 33. Rxh6
Rd7 34. Rg8+ Kc7 35. Rxc8+ Kxc8 36. Rxa6 Rc7 37. e6 Kd8 38. Ra4 Rxc2 39. Re4 Ke7
40. Kh2 Rc6 41. Kg3 Rxe6 42. Re5 Rxe5 {White resigns} 0-1

[Event "Team 45 45 League T42"]
[Site "Internet Chess Club"]
[Date "2009.08.22"]
[Round "4"]
[White "rookmaster23"]
[Black "lw"]
[Result "0-1"]
[WhiteElo "1395"]
[BlackElo "1560"]
[Opening "Modern defense"]
[ECO "A40"]
[Time "13:00:14"]
[TimeControl "2700+45"]

1. d4 g6 2. c4 Bg7 3. Nf3 c5 4. d5 d6 5. Nc3 Nf6 6. e4 O-O 7. Bf4 Qa5 8. Qc2 Bd7
9. Be2 Nxe4 10. Qxe4 Bxc3+ 11. Bd2 Bxd2+ 12. Nxd2 Qb4 13. Qxe7 Qxb2 14. Rb1 Qxa2
15. Rxb7 Re8 16. Qxd6 Qa1+ 17. Rb1 Qd4 18. Nf3 Qxc4 19. Ne5 Qc3+ 20. Kf1 Qxe5
21. Qxe5 Rxe5 22. Bf3 a6 23. d6 Bb5+ 24. Kg1 Nd7 25. Bxa8 c4 26. f4 Re2 27. Bf3
Rd2 28. Rc1 Rxd6 29. Be2 Rc6 30. Kf2 Nf6 31. g4 Ne4+ 32. Ke3 Nd6 33. Kd4 f5 34.
Bf3 Rc7 35. g5 Rd7 36. Bd5+ Kg7 37. h4 a5 38. Rh3 a4 39. Ke5 Nf7+ 40. Ke6 Rd6+
{White resigns} 0-1

[Event "Team 45 45 League T42"]
[Site "Internet Chess Club"]
[Date "2009.08.25"]
[Round "4"]
[White "jocooper"]
[Black "IanT"]
[Result "0-1"]
[WhiteElo "1180"]
[BlackElo "1528"]
[Opening "QGD: Ragozin variation"]
[ECO "D38"]
[Time "07:30:03"]
[TimeControl "2700+45"]

1. d4 Nf6 2. Nf3 e6 3. c4 d5 4. Nc3 Bb4 5. Bg5 O-O 6. a3 Bxc3+ 7. bxc3 Nbd7 8.
c5 Re8 9. e3 e5 10. Bxf6 Qxf6 11. dxe5 Nxe5 12. Be2 Nxf3+ 13. Bxf3 Qxc3+ 14. Ke2
d4 15. Qa4 d3+ 16. Kd1 c6 17. Rc1 Qb2 18. Qb4 Qxb4 19. axb4 Rd8 20. Kd2 Bf5 21.
e4 Be6 22. Rhe1 Rd4 23. Re3 Rad8 24. Rc3 Rxb4 25. Rcxd3 Rxd3+ 26. Rxd3 h6 27. h3
Rc4 28. Rc3 Rxc3 29. Kxc3 f6 30. h4 Kf7 31. g3 g5 32. Bh5+ Ke7 33. Kd4 b5 34.
cxb6 axb6 35. e5 f5 36. f4 g4 37. Bg6 c5+ 38. Kc3 b5 39. Bh5 b4+ 40. Kb2 c4 41.
Bg6 c3+ 42. Kc2 Kd7 43. Kd3 Kc6 44. Be8+ Kc5 45. Ba4 Kb6 46. Kc2 Ka5 47. Bb3
Bxb3+ 48. Kxb3 Kb6 49. e6 Kc7 50. e7 Kd7 51. e8=Q+ Kxe8 52. Kc2 Kd7 53. Kb3 Kd6
54. Kc2 Kd5 55. Kb3 Ke4 56. Kc2 Kf3 57. Kd3 Kxg3 {White resigns} 0-1